 Dungeon Crawl Stone Soup version 0.27-a0-1308-gc08437e49b (webtiles) character file.

Game seed: 3821978865508209177

201 dracfodder the Magician (level 6, -3/43 HPs)
             Began as a Djinni Hedge Wizard on June 18, 2021.
             Slain by a water moccasin (5 damage)
             ... on level 3 of the Dungeon.
             The game lasted 00:18:20 (4714 turns).

dracfodder the Magician (Djinni Hedge Wizard)       Turns: 4714, Time: 00:18:21

Health: -3/43      AC:  2    Str: 10    XL:     6   Next: 7%
Gold:   123        EV: 12    Int: 16    God:
                   SH:  0    Dex: 13

rFire    + + +     SeeInvis .   a - +1 dagger (venom)
rCold    . . .     Faith    .   (no shield)
rNeg     . . .     Spirit   .   b - +0 robe
rPois    ∞         Reflect  .   c - +0 hat
rElec    +         Harm     .   (no cloak)
rCorr    +         Rampage  .   (no gloves)
Will     .....                  (boots unavailable)
Stlth    ++........             (no amulet)
HPRegen  0.14/turn              (no ring)
MPRegen  0.00/turn              (no ring)

@: resistant, flying
A: sickness immunity, fire resistance 2, cold vulnerability 1, float, innate
caster, hp casting, extra vitality 1
a: no special abilities


You were on level 3 of the Dungeon.
You visited 1 branch of the dungeon, and saw 4 of its levels.

You collected 123 gold pieces.

Inventory:

Hand Weapons
 a - a +1 dagger of venom (weapon)
 g - a +0 mace of holy wrath
Missiles
 d - 99 stones
 f - 13 poisoned darts
 i - 20 sling bullets
 m - 4 boomerangs
Armour
 b - a +0 robe (worn)
 c - a +0 hat (worn)
Wands
 p - a wand of digging (3)
Scrolls
 e - 2 scrolls of magic mapping
 n - a scroll of teleportation
Potions
 h - a potion of might {unknown}
 j - a potion of brilliance {unknown}
 k - a potion of ambrosia {unknown}
 l - a potion of mutation {unknown}
 o - 3 potions of resistance
 q - a potion of curing


   Skills:
 * Level 1.6 Fighting
 + Level 0.3 Throwing
 + Level 2.7 Dodging
 + Level 2.2 Stealth
 + Level 4.1 Spellcasting


You couldn't memorise any spells.
You knew the following spells:

 Your Spells              Type           Power      Damage    Failure   Level
a - Magic Dart            Conj           64%        1d6       3%          1
b - Blink                 Tloc           N/A        N/A       4%          2
c - Call Imp              Summ           16%        N/A       4%          2
d - Slow                  Hex            16%        N/A       4%          2
e - Conjure Flame         Conj/Fire      16%        6-21      9%          3
f - Mephitic Cloud        Conj/Pois/Air  16%        N/A       9%          3
g - Corona                Hex            17%        N/A       3%          1
h - Searing Ray           Conj           32%        3d4       4%          2
Your spell library was empty.

Dungeon Overview and Level Annotations

Branches:
Dungeon (4/15)
 Temple: D:4-7

Altars:
Nemelex Xobeh
Vehumet

Shops:
D:2 *


Innate Abilities, Weirdness & Mutations

You are immune to sickness and miasma.
You are immune to poison.
Your flesh is very heat resistant. (rF++)
You are vulnerable to cold. (rC-)
You float through the air rather than walking.
You learn spells naturally, not from books.
Your magical power is your life essence.
You have superior vitality. (+4 HP)


Message History

Press: ? - help, Q - select action, (/) - cycle Shift-Dir - straight line, f/p - water moccasin
Aim: a water moccasin (heavily wounded, 100% to hit)
The magic dart hits the water moccasin.
The water moccasin is heavily wounded.
The water moccasin bites you. The water moccasin barely misses you.
The water moccasin barely misses you.
You fly upwards.
There is a stone staircase leading down here.
Aiming: Magic Dart (safe; 3% risk of failure)
Press: ? - help, Q - select action, (/) - cycle Shift-Dir - straight line, f - water moccasin
Aim: a water moccasin (heavily wounded, 100% to hit)
The magic dart hits the water moccasin.
The water moccasin is heavily wounded.
The water moccasin bites you.
Aiming: Magic Dart (safe; 3% risk of failure)
Press: ? - help, Q - select action, (/) - cycle Shift-Dir - straight line, f/p - water moccasin
Aim: a water moccasin (heavily wounded, 100% to hit)
The magic dart hits the water moccasin.
The water moccasin is severely wounded.
The water moccasin bites you.
* * * LOW HITPOINT WARNING * * *
The water moccasin bites you.
* * * LOW HITPOINT WARNING * * *
Aiming: Magic Dart (safe; 3% risk of failure)
Press: ? - help, Q - select action, (/) - cycle Shift-Dir - straight line, f/p - water moccasin
Aim: a water moccasin (severely wounded, 100% to hit)
The magic dart hits the water moccasin.
The water moccasin is almost dead.
* * * LOW HITPOINT WARNING * * *
The water moccasin bites you.
* * * LOW HITPOINT WARNING * * *
Unknown command.
Aiming: Magic Dart (safe; 3% risk of failure)
Press: ? - help, Q - select action, (/) - cycle Shift-Dir - straight line, f/p - water moccasin
Aim: a water moccasin (almost dead, 100% to hit)
The magic dart hits the water moccasin.
The water moccasin is almost dead.
* * * LOW HITPOINT WARNING * * *
The water moccasin barely misses you. The water moccasin bites you.
You die...

#####.#.# ##.#....#####.##.# #.
#.#.# #.......# ##.##.# #.
######.#.# #.#####.###...#.####.
.......#.# ##.# #.##...........
########.# #..# #..........###.
#.# #..# #.#........####
#.###..#####.#.......)))).
#..............)......####
#####..##@#..#......#.####
#...S..........##!)))) #########
#.###.......#.######## ........#
#.# #....#..###
#######.####.###....#...#########
#..<..........#.#..........
######............########)
######...##### ##.. #########..##
######...


You could see a water moccasin.

Vanquished Creatures
  An orc priest (D:3)
  An orc wizard (D:3)
  8 adders
  6 dart slugs
  12 orcs (D:3)
  4 endoplasms
  2 giant cockroaches
  5 goblins
  3 hobgoblins
  2 kobolds
  3 ball pythons
  5 bats
  3 frilled lizards
  3 rats
58 creatures vanquished.

Notes
Turn   | Place    | Note
-------+----------+-------------------------------------------
     0 | D:1      | dracfodder the Djinni Hedge Wizard began the quest for the
                  | Orb.
     0 | D:1      | Reached XP level 1. HP: 15/15 MP: 0/0
   330 | D:1      | Reached XP level 2. HP: 20/21 MP: 0/0
  1044 | D:1      | Reached skill level 3 in Spellcasting
  1354 | D:1      | Reached XP level 3. HP: 21/25 MP: 0/0
  1354 | D:1      | Learned a level 1 spell: Corona
  1761 | D:2      | Found Edeps's Assorted Antiques.
  2064 | D:2      | Reached XP level 4. HP: 20/31 MP: 0/0
  2085 | D:2      | Reached skill level 1 in Fighting
  3331 | D:3      | Reached XP level 5. HP: 28/37 MP: 0/0
  3331 | D:3      | Learned a level 2 spell: Searing Ray
  3823 | D:3      | Reached skill level 4 in Spellcasting
  4026 | D:3      | Found a sparkling altar of Nemelex Xobeh.
  4244 | D:3      | Reached XP level 6. HP: 24/43 MP: 0/0
  4703 | D:4      | Noticed a water moccasin
  4714 | D:3      | Slain by a water moccasin

Illustrated notes

Levels and vault maps discovered:
D:1:      roderic_dead_forest, layout_loops_corners
D:2:      layout_loops_ring, basic_altar, serial_shops, shop_statue
D:3:      layout_loops_ring, nicolae_overflow_crystal_walls,
          hangedman_abyss_or_decor_stabs
D:4:      layout_cave_pools, serial_shops, nicolae_take_the_stairs, uniq_robin,
          uniq_ijyb

Skill      XL: |  1  2  3  4  5 |
---------------+----------------+-----
Spellcasting   | 3 4 |  4.1
Fighting       | 1 |  1.6
Stealth        | 2 |  2.2
Throwing       | |  0.3
Dodging        | |  2.7

Action                   |  1- 3 |  4- 6 || total
-------------------------+-------+-------++-------
Melee: Dagger            |       |     1 ||     1
Throw: Dart              |     7 |       ||     7
       Throwing net      |     1 |       ||     1
 Cast: Magic Dart        |    62 |    86 ||   148
       Mephitic Cloud    |       |    10 ||    10
       Searing Ray       |       |     7 ||     7
  Use: Scroll            |     2 |     3 ||     5
       Potion            |       |     2 ||     2
Armor: Robe              |     1 |     2 ||     3
Dodge: Dodged            |     7 |    11 ||    18

Table legend: (Time is in decaauts)
 A = Elapsed time spent in this place.
 B = Non-inter-level travel time spent in this place.
 C = Inter-level travel time spent in this place.
 D = Time resting spent in this place.
 E = Time spent auto-exploring this place.
 F = Levels seen in this place.
 G = Mean time per level.
                   A        B        C        D        E       F      G
               +--------+--------+--------+--------+--------+-----+--------+
         Total |   4720 |   4502 |    218 |   1882 |   2133 |   4 | 1180.0 |
       Dungeon |   4720 |   4502 |    218 |   1882 |   2133 |   4 | 1180.0 |
               +--------+--------+--------+--------+--------+-----+--------+

Top non-repeatable levels by time:
     D:2: 1639 daAuts
     D:1: 1617 daAuts
     D:3: 1456 daAuts
     D:4: 6 daAuts
